 Dungeon Crawl Stone Soup version 0.30.1-11-g7821555f0a (webtiles) character file.

Game seed: 9541467551008911707

88 andronian the Slasher (level 4, 0/37 HPs)
             Began as a Merfolk Monk on Nov 27, 2023.
             Was a Believer of the Shining One.
             Slain by a gnoll
             ... wielding a +0 halberd
             ... led by a gnoll bouda
              (8 damage)
             ... on level 3 of the Dungeon.
             The game lasted 00:03:21 (2034 turns).

andronian the Slasher (Merfolk Monk)                Turns: 2034, Time: 00:03:23

Health: 0/37       AC:  8    Str: 11    XL:     4   Next: 54%
Magic:  4/4        EV:  6    Int:  9    God:    the Shining One [**....]
Gold:   152        SH:  0    Dex: 18    Spells: 1/3 levels left

rFire   . . .        a - +0 falchion
rCold   . . .        k - +3 buckler
rNeg    + . .        q - +0 chain mail
rPois   .            (no helmet)
rElec   .            (no cloak)
rCorr   .            (no gloves)
SInv    .            (no boots)
Will    .....        (no amulet) Stlth
                     (no ring)
HPRegen 0.26/turn    (no ring)
MPRegen 0.09/turn

%: no passive effects
@: confused, ambrosia-drunk, glowing
A: (nimble swimmer 2), mertail
a: Renounce Religion, Divine Shield


You were on level 3 of the Dungeon.
You worshipped the Shining One.
The Shining One was pleased with you.
You visited 1 branch of the dungeon, and saw 4 of its levels.

You collected 152 gold pieces.

Inventory:

Hand Weapons
 a - a +0 falchion (weapon)
Missiles
 n - 3 boomerangs (quivered)
Armour
 b - a +0 robe
 d - an orb of light
 j - a +0 ring mail
 k - a +3 buckler (worn)
 q - a +0 chain mail (worn)
Scrolls
 f - 4 scrolls of identify {unknown}
 h - 2 scrolls of teleportation {unknown}
 m - a scroll of enchant weapon {unknown}
 p - a scroll of vulnerability {unknown}
 r - a scroll of acquirement {unknown}
Potions
 g - a potion of curing {unknown}
 i - 2 potions of mutation {unknown}
 l - 2 potions of resistance {unknown}
 o - a potion of heal wounds {unknown}
 s - a potion of lignification {unknown}
 t - a potion of degeneration {unknown}


   Skills:
 + Level 4.0 Fighting
 * Level 5.1 Long Blades
 + Level 0.0 Armour
 + Level 4.9 Dodging


You had one spell level left.
You knew the following spells:

 Your Spells              Type           Power      Damage    Failure   Level
a - Scorch                Fire           0%         2d5       100%        2

Your spell library contained the following spells:

 Spells                   Type           Power      Damage    Failure   Level
 Gell's Gravitas          Tloc           0%         N/A       100%        3
 Teleport Other           Tloc           0%         N/A       100%        3
 Flame Wave               Conj/Fire      0%         2d4       100%        4
 Dispersal                Tloc           0%         N/A       100%        6
 Summon Cactus Giant      Summ           0%         N/A       100%        6


Dungeon Overview and Level Annotations

Branches:
Dungeon (4/15)
 Temple: D:4-7

Altars:
The Shining One

Annotations:
D:3 2 transporters, booth's ghost, amateur HOMo


Innate Abilities, Weirdness & Mutations

((You are very nimble when in or above water. (Stealth+, EV+, Speed+++)))
Your lower body shifts to a powerful aquatic tail in water.


Message History

You hit the gnoll bouda.
The gnoll bouda is lightly wounded.
The gnoll hits you with a +0 halberd. The gnoll bouda barely misses you.
You hit the gnoll bouda but do no damage.
The gnoll bouda is lightly wounded.
The gnoll bouda hits you but does no damage.
The gnoll barely misses you.
You hit the gnoll bouda but do no damage.
The gnoll bouda is lightly wounded.
The gnoll bouda hits you with a +0 club.
The gnoll hits you but does no damage.
You hit the gnoll bouda but do no damage.
The gnoll bouda is lightly wounded.
You block the gnoll bouda's attack. The gnoll barely misses you.
You hit the gnoll bouda.
The gnoll bouda is lightly wounded.
You block the gnoll bouda's attack. The gnoll hits you but does no damage.
You hit the gnoll bouda.
The gnoll bouda is moderately wounded.
Your attacks no longer feel as feeble.
The gnoll bouda hits you with a +0 club!
The gnoll hits you with a +0 halberd.
You hit the gnoll bouda but do no damage.
The gnoll bouda is moderately wounded.
The gnoll bouda completely misses you. The gnoll barely misses you.
You hit the gnoll bouda but do no damage.
The gnoll bouda is moderately wounded.
The gnoll bouda hits you with a +0 club.
* * * LOW HITPOINT WARNING * * *
The gnoll hits you with a +0 halberd.
* * * LOW HITPOINT WARNING * * *
As you read the scroll labelled RAUMIONOCO, it crumbles to dust.
It is a scroll of enchant armour.
Your +2 buckler glows green for a moment.
You block the gnoll bouda's attack. The gnoll hits you with a +0 halberd.
* * * LOW HITPOINT WARNING * * *
You are confused.
You feel invigorated. The gnoll bouda barely misses you.
The gnoll hits you with a +0 halberd!
You die...

#...............###.........###
#.#.#.##.###.##..#....#######
†.#...................#
#)#.#.#.##.#.##...#...#
#...#........##......##
#.#..)...#.#..........###########
..#.#..[...#.##.####.......>.....
#......).#...##.g####..###...###.
#.#.##.#.#.#.##.@g......##...# #.
...........#....######.......# #.
#.###.##.#.#.##.# ######.....###.
.............##.###....###...##..
###.###.##.#.##........# #...##.#
###.###.##.#.##........###...##.#
..................#######.......#
.#.........####.### ##........#
.#......#..####.#### #..........


You could see a gnoll bouda and a gnoll (swift).

Vanquished Creatures
  4 adders
  A gnoll (D:3)
  A worm (D:2)
  2 dart slugs (D:3)
  3 bats
  5 endoplasms
  3 giant cockroaches
  3 goblins
  A hobgoblin (D:1)
  A quokka (D:1)
  3 ball pythons
  3 frilled lizards
  6 kobolds
  3 rats
39 creatures vanquished.

Notes
Turn   | Place    | Note
-------+----------+-------------------------------------------
     0 | D:1      | andronian the Merfolk Monk began the quest for the Orb.
     0 | D:1      | Reached XP level 1. HP: 18/18 MP: 1/1
   248 | D:1      | Reached XP level 2. HP: 19/24 MP: 2/2
   316 | D:1      | Reached skill level 4 in Long Blades
   439 | D:1      | Found a faded altar of an unknown god.
   874 | D:2      | Reached XP level 3. HP: 24/29 MP: 3/3
  1019 | D:2      | Learned a level 2 spell: Scorch
  1024 | D:2      | Found a glowing golden altar of the Shining One.
  1048 | D:2      | Became a worshipper of the Shining One
  1048 | D:2      | Reached * piety under the Shining One
  1048 | D:2      | Reached ** piety under the Shining One
  1485 | D:3      | Reached XP level 4. HP: 7/37 MP: 1/4
  1698 | D:3      | Reached skill level 5 in Long Blades
  1726 | D:3      | Noticed booth's ghost (amateur HOMo)
  1727 | D:3      | Found a transporter.
  1728 | D:3      | Found a transporter.
  1730 | D:3      | Noticed an ogre
  1731 | D:3      | Noticed an ogre
  2020 | D:4      | Noticed an ice beast
  2020 | D:4      | Noticed a black bear
  2021 | D:4      | Noticed a lemure
  2034 | D:3      | Slain by a gnoll

Illustrated notes

Levels and vault maps discovered:
D:1:      enne_arrival_octagon_isle, layout_loops_ring,
          dreamdust_ecumenical_altar_hidden_monk_grotto
D:2:      layout_basic, basic_altar, dreamdust_wishing_well,
          minmay_misc_feat_more_columns
D:3:      layout_rooms, gammafunk_ghost_smash, minmay_diced_spiral
D:4:      layout_rooms, fedhas_altar_decomposition,
          mainiacjoe_overflow_cross_hatched, serial_shops,
          nicolae_shop_peninsula, nicolae_ossuary_entry_false_entrances,
          minmay_goblin_outpost, uniq_pikel, uniq_menkaure

Skill      XL: |  1  2  3  4 |
---------------+-------------+-----
Long Blades    | 4 5 |  5.1
Fighting       | 4 |  4.0
Dodging        | |  4.9

Action                     |  1- 3 |  4- 6 || total
---------------------------+-------+-------++-------
  Melee: Falchion          |    78 |    36 ||   114
 Invoke: Divine Shield     |     1 |       ||     1
    Use: Scroll            |       |     1 ||     1
         Potion            |       |     1 ||     1
 Armour: Ring mail         |     8 |       ||     8
         Chain mail        |    24 |    16 ||    40
  Dodge: Dodged            |    33 |    14 ||    47
  Block: Buckler           |    20 |    14 ||    34
